 Dungeon Crawl Stone Soup version 0.22.1-5-g62c59d919a (webtiles) character file.

133 Aweguy the Conjurer (level 4, -3/33 HPs)
             Began as a Draconian Conjurer on Jan 13, 2019.
             Slain by an orc
             ... wielding a +0 mace
              (5 damage)
             ... on level 3 of the Dungeon on Jan 14, 2019.
             The game lasted 00:29:41 (3596 turns).

Aweguy the Conjurer (Draconian Conjurer)            Turns: 3596, Time: 00:29:41

Health: -3/33      AC:  5    Str: 10    XL:     4   Next: 94%
Magic:  1/7        EV: 12    Int: 17    God:
Gold:   141        SH:  0    Dex: 11    Spells: 2/8 levels left

rFire    . . .     SeeInvis .   f - +0 dagger
rCold    . . .     Gourm    .   (no shield)
rNeg     . . .     Faith    .   (armour unavailable)
rPois    .         Spirit   .   (helmet restricted)
rElec    .         Reflect  .   (no cloak)
rCorr    +         Harm     .   (no gloves)
MR       .....                  (no boots)
Stlth    ++........             i - amulet of the acrobat
HPRegen  0.11/turn              d - ring of resist corrosion
MPRegen  0.10/turn              (no ring)

@: no status effects
A: unfitting armour, cold-blooded, AC +5
a: no special abilities


You were on level 3 of the Dungeon.
You were not hungry.

You visited 1 branch of the dungeon, and saw 3 of its levels.

You collected 141 gold pieces.

Inventory:

Hand Weapons
 f - a +0 dagger (weapon)
Missiles
 m - 33 stones (quivered)
 s - 17 arrows
Armour
 a - a +0 chain mail
 o - a +0 large shield
 q - a +0 cloak
Jewellery
 d - a ring of resist corrosion (left hand)
 i - an amulet of the acrobat (around neck)
Scrolls
 e - 3 scrolls of teleportation
 g - a scroll of fog {unknown}
 k - 3 scrolls of remove curse {unknown}
 l - 2 scrolls of magic mapping {unknown}
 r - a scroll of identify {unknown}
Potions
 h - a potion of heal wounds {unknown}
 j - a potion of agility {unknown}
 n - a potion of might
 p - a potion of brilliance {unknown}
Comestibles
 b - 6 rations


   Skills:
 + Level 0.2 Fighting
 + Level 1.3 Short Blades
 + Level 2.0 Dodging
 + Level 2.0 Stealth
 + Level 2.6 Spellcasting
 + Level 5.4 Conjurations


You had 2 spell levels left.
You knew the following spells:

 Your Spells              Type           Power        Failure   Level  Hunger
a - Magic Dart            Conj           ###.         1%          1    #......
b - Searing Ray           Conj           ###...       3%          2    ##.....
c - Dazzling Spray        Conj/Hex       ##....       17%         3    ###....

Your spell library contained the following spells:

 Spells                   Type           Power        Failure   Level  Hunger
 Iskenderun's Mystic Bla  Conj           ###.....     19%         4    #####..
 Fulminant Prism          Conj/Hex       ##........   50%         4    #####..
 Force Lance              Conj/Tloc      ##......     52%         4    #####..


Dungeon Overview and Level Annotations

Branches:
Dungeon (3/15)

Altars:


Innate Abilities, Weirdness & Mutations

Your plain brown scales are hard. (AC +5)
You cannot fit into any form of body armour.
You are cold-blooded and may be slowed by cold attacks.


Message History

Casting: Magic Dart (safe; 1% risk of failure)
Confirm with . or Enter, or press ? or * to list all spells.
Aiming: Magic Dart (safe; 1% risk of failure)
Press: ? - help, Shift-Dir - straight line, f/p - orc
Aim: an orc, wielding a mace and wearing a scale mail The magic dart hits the orc.
The orc is severely wounded.
The orc hits you but does no damage.
You closely miss the orc.
The orc is severely wounded.
The orc hits you with a mace.
* * * LOW HITPOINT WARNING * * *
You hit the orc but do no damage.
Your tail-slap misses the orc.
The orc is severely wounded.
The orc hits you with a mace.
* * * LOW HITPOINT WARNING * * *
You barely miss the orc.
The orc is severely wounded.
The orc hits you with a mace.
You die...

.#.#.......... #..........>##+#+#
.#.#.....#.#.###........####.....
.#.'.......#.#........)..........
.###..[.................#.#......
. ####...................#......
. #..........#####..#)#.....< .
#..........+ .....#.#......
#.........o#####.##.#.#....
#.........@# #.......#....
############ #...##.)...... #..
######### #. # .. # # # # # #


You could see an orc.

Vanquished Creatures
  3 gnolls (D:2)
  3 adders
  2 worms (D:2)
  6 dart slugs
  2 leopard geckos
  3 orcs (D:3)
  3 giant cockroaches (D:1)
  8 goblins
  3 hobgoblins
  2 jackals (D:2)
  A quokka (D:3)
  A ball python (D:3)
  7 bats
  4 frilled lizards
  5 kobolds
  8 rats
61 creatures vanquished.

Notes
Turn   | Place    | Note
-------+----------+-------------------------------------------
     0 | D:1      | Aweguy the Draconian Conjurer began the quest for the Orb.
     0 | D:1      | Reached XP level 1. HP: 14/14 MP: 3/3
   363 | D:1      | Reached XP level 2. HP: 14/20 MP: 0/5
   415 | D:1      | Learned a level 2 spell: Searing Ray
  1273 | D:2      | Reached XP level 3. HP: 26/26 MP: 2/6
  1296 | D:2      | Learned a level 3 spell: Dazzling Spray
  1307 | D:2      | Reached skill level 5 in Conjurations
  1761 | D:2      | Reached XP level 4. HP: 33/33 MP: 1/7
  2718 | D:3      | Reached skill level 1 in Short Blades
  2950 | D:3      | HP: 1/33 [orc/club (3)]
  2968 | D:3      | HP: 1/33 [rat (2)]
  3596 | D:3      | Slain by an orc

Skill      XL: |  1  2  3  4 |
---------------+-------------+-----
Conjurations   | 5 |  5.4
Short Blades   | 1 |  1.3
Stealth        | 2 |  2.0
Dodging        | 2 |  2.0
Fighting       | |  0.2
Spellcasting   | |  2.6

Action                   |  1- 3 |  4- 6 || total
-------------------------+-------+-------++-------
Melee: Dagger            |    58 |   109 ||   167
       Tailslap          |     9 |    10 ||    19
       Unarmed           |     2 |       ||     2
Throw: Stone             |     1 |    11 ||    12
 Cast: Magic Dart        |    27 |    20 ||    47
       Searing Ray       |     6 |     9 ||    15
       Dazzling Spray    |     3 |     4 ||     7
  Use: Potion            |     1 |     1 ||     2
       Scroll            |     1 |       ||     1
  Eat: Chunk             |     4 |     7 ||    11
Armor: Skin              |    25 |    30 ||    55
Dodge: Dodged            |    53 |   135 ||   188
